AoeStats
← mateakd2013

Scandinavia

510451961Analyzed
1v1 RM · 1d ago on Oct 1, 2026· 40m 37s· 2 players
Game mode
Random Map
Map size
Tiny (2 player)
Population
200
Speed
Normal
Resources
Standard
Victory
Conquest
Starting age
Dark Age
Ending age
Imperial Age
RankedLock teamsTeams togetherTeam positionsShared explorationLock speedFull tech treeHidden civsTurbo modeCheats
Victory
Defeat
🇦🇷 Chinese · Argentina
1036
+16
🇦🇷 Varangians · Argentina
1044
-16
mateakd2013
0:27 Loom
11:09 Feudal Age
12:33 Fishing Lines
17:01 Castle Age
15:08 Double-Bit Axe
16:30 Stone Mining
17:28 Horse Collar
18:01 Bow Saw
19:19 Fletching
19:48 Gillnets
21:25 Bodkin Arrow
26:43 Padded Archer Armor
31:38 Ballistics
34:16 Imperial Age
32:22 Wheelbarrow
34:55 Masonry
34:54 Gold Mining
35:40 Stone Shaft Mining
36:40 Bracer
36:26 Elite Chu Ko Nu
38:23 Conscription
38:20 Leather Archer Armor
38:04 Capped Ram
38:59 Scale Barding Armor
39:05 Forging
40:48 Chemistry
40:07 Bloodlines
39:57 Husbandry
41:03 Chain Barding Armor
ShogunPilo
5:32 Loom
10:55 Feudal Age
12:59 Double-Bit Axe
16:25 Castle Age
17:52 Forging
20:08 Arson
20:24 Squires
20:28 Scale Mail Armor
22:01 Gold Mining
24:13 Padded Archer Armor
25:40 Chain Mail Armor
27:01 Elite Skirmisher
29:01 Leather Archer Armor
33:31 Imperial Age
31:13 Fletching
37:24 Ring Archer Armor
40:45 Conscription
Connection lost

Rejoining the realm…

Still unreachable

The connection could not be restored.

Session expired

The server has moved on; the page needs a fresh start.